 Dungeon Crawl Stone Soup version 0.20.0-15-g7f486f2 (webtiles) character file.

77 Dfrag the Firebug (level 4, 0/30 HPs)
             Began as a Demonspawn Fire Elementalist on June 24, 2017.
             Succumbed to an adder's poison
             ... on level 2 of the Dungeon.
             The game lasted 00:02:49 (1399 turns).

Dfrag the Firebug (Demonspawn Fire Elementalist)    Turns: 1399, Time: 00:02:50

Health: 0/30       AC:  2    Str:  8    XL:     4   Next: 13%
Magic:  0/8        EV: 12    Int: 18    God:
Gold:   95         SH:  0    Dex: 13    Spells: 7/8 levels left

rFire    . . .     SeeInvis .   l - +0 club
rCold    . . .     Gourm    .   (no shield)
rNeg     . . .     Faith    .   a - +0 robe
rPois    .         Spirit   .   (no helmet)
rElec    .         Reflect  .   (no cloak)
rCorr    .         Harm     .   (no gloves)
MR       .....                  (no boots)
Stlth    ++........             (no amulet)
Regen    0.1/turn               (no ring)
MPRegen  0.2/turn               (no ring)

@: lethally poisoned (0 -> -9)
A: powered by death 1, sturdy frame 1
a: no special abilities


You were on level 2 of the Dungeon.
You were not hungry.

You visited 1 branch of the dungeon, and saw 2 of its levels.

You collected 95 gold pieces.

Inventory:

Hand Weapons
 l - a +0 club (weapon)
Armour
 a - a +0 robe (worn)
Scrolls
 e - 2 scrolls of remove curse {unknown}
 f - a scroll of enchant weapon {unknown}
 h - a scroll of fog {unknown}
 k - a scroll of noise {unknown}
Potions
 d - a potion of haste {unknown}
 g - a potion of heal wounds {unknown}
 i - a potion of agility {unknown}
Books
 b - a book of Flames

   Spells                             Type                      Level
   a - Flame Tongue                   Conjuration/Fire             1
   b - Throw Flame                    Conjuration/Fire             2
   c - Conjure Flame                  Conjuration/Fire             3
   d - Inner Flame                    Hexes/Fire                   3
   e - Sticky Flame                   Conjuration/Fire             4
   f - Fireball                       Conjuration/Fire             5
Comestibles
 c - 2 bread rations
 j - a royal jelly


   Skills:
 - Level 1.7 Dodging
 - Level 1.7 Stealth
 + Level 2.7 Spellcasting
 + Level 2.4 Conjurations
 + Level 3.4 Fire Magic


You had 7 spell levels left.
You knew the following spells:

 Your Spells              Type           Power        Failure   Level  Hunger
a - Flame Tongue          Conj/Fire      ##...        4%          1    #......


Dungeon Overview and Level Annotations

Branches:
Dungeon (2/15)

Altars:


Innate Abilities, Weirdness & Mutations

You regenerate a little health from kills.
Your movements are slightly less encumbered by armour. (ER -2)


Message History

You feel sick. The adder bites you.
* * * LOW HITPOINT WARNING * * *
You are more poisoned.
The adder poisons you!
Okay, then.
Casting: Flame Tongue
Confirm with . or Enter, or press ? or * to list all spells.
Aiming: Flame Tongue
Press: ? - help, Shift-Dir - straight line, f/p - adder
Aim: an adder (almost dead)
The flame tongue hits the adder.
You kill the adder!
You feel sick.
Unknown command.
You feel sick.
There is an open door here.
You see here an adder corpse.
* * * LOW HITPOINT WARNING * * *
You feel sick.
You die...

#.###########.# #.# #.#
#####.# #.# #### #.....#
#.########.... #.....#
########............. #.....#
......).............. #.....#
###########..........
####..#.##...#######.########+
#.##..'...@†......†......(.
#.##.##...#.....#.########.
#.## #####.....+.......... #.#
#.....#.......... #.#
#.....#.....###.. #.#
#.....#.....#.... #.#
#.....#.....#.#.. #.#
#.....#.....#.#.. #.# .
#####.#.....#.#.<


There were no monsters in sight!

Vanquished Creatures
  3 adders (D:2)
  An ooze (D:2)
  A worm (D:2)
  A dart slug (D:2)
  A ball python (D:2)
  2 bats (D:2)
  3 giant cockroaches
  3 goblins
  10 hobgoblins
  2 frilled lizards (D:2)
  5 kobolds (D:2)
  6 rats
38 creatures vanquished.

Notes
Turn   | Place    | Note
-------+----------+-------------------------------------------
     0 | D:1      | Dfrag the Demonspawn Fire Elementalist began the quest for the Orb.
     0 | D:1      | Reached XP level 1. HP: 13/13 MP: 3/3
   124 | D:1      | Gained mutation: You regenerate a little health from kills. [demonic ancestry]
   124 | D:1      | Reached XP level 2. HP: 10/19 MP: 0/5
   683 | D:2      | Reached skill level 3 in Fire Magic
   814 | D:2      | Gained mutation: Your movements are slightly less encumbered by armour. (ER -2) [demonic ancestry]
   814 | D:2      | Reached XP level 3. HP: 4/24 MP: 0/6
  1361 | D:2      | Reached XP level 4. HP: 26/30 MP: 2/8
  1398 | D:2      | HP: 1/30 [poisoned by an adder]
  1399 | D:2      | Succumbed to an adder's poison

Skill      XL: |  1  2 |
---------------+-------+-----
Conjurations   | 2 |  2.4
Fire Magic     | 3 |  3.4
Dodging        | |  1.7
Stealth        | |  1.7
Spellcasting   | |  2.7

Action                   |  1- 3 |  4- 6 || total
-------------------------+-------+-------++-------
Melee: Unarmed           |    29 |    12 ||    41
       Club              |       |     4 ||     4
 Cast: Flame Tongue      |    71 |     7 ||    78
  Eat: Chunk             |     2 |       ||     2
Armor: Robe              |     6 |     2 ||     8
Dodge: Dodged            |    41 |    20 ||    61
